 Dungeon Crawl Stone Soup version 0.30-a0-629-gd54f4be4f7 (webtiles) character file.

Game seed: 13758657317239635566

615 funkygono the Firebug (level 7, -19/36 HPs)
             Began as a Gargoyle Fire Elementalist on Jan 12, 2023.
             Was an Initiate of Vehumet.
             Demolished by an ogre
             ... wielding a +0 giant spiked club
              (34 damage)
             ... on level 5 of the Dungeon.
             The game lasted 00:06:49 (6138 turns).

funkygono the Firebug (Gargoyle Fire Elementalist)  Turns: 6138, Time: 00:06:50

Health: -19/36     AC:  7    Str:  8    XL:     7   Next: 45%
Magic:  9/13       EV: 12    Int: 18    God:    Vehumet [......]
Gold:   281        SH:  0    Dex: 10    Spells: 5/15 levels left

rFire   + . .      SeeInvis +    k - +2 mace of Duty {flame, Contam rElec Str-3 SInv}
rCold   + . .      Faith    .    (no shield)
rNeg    + . .      Spirit   .    v - +1 robe {rC+ rF+}
rPois   ∞          Reflect  .    (no helmet)
rElec   +          Harm     .    (no cloak)
rCorr   .          Rampage  .    (no gloves)
Will    .....                    (no boots)
Stlth   ++                       (no amulet)
HPRegen 0.26/turn                (no ring)
MPRegen 0.13/turn                (no ring)

@: no status effects
A: sickness immunity, AC +4, negative energy resistance 1, electricity
resistance, torment resistance 1, petrification resistance
a: Renounce Religion


You were on level 5 of the Dungeon.
You worshipped Vehumet.
Vehumet was noncommittal.
You visited 2 branches of the dungeon, and saw 6 of its levels.

You collected 281 gold pieces.

Inventory:

Hand Weapons
 g - a +0 whip
 k - the +2 mace of Duty (weapon) {flame, Contam rElec Str-3 SInv}
   (You found it on level 3 of the Dungeon)

   Str:       It affects your strength (-3).
   rElec:     It insulates you from electricity.
   SInv:      It lets you see invisible.
   Contam:    It causes magical contamination when unequipped.
 u - a +0 whip of holy wrath
Armour
 h - a +0 leather armour
 v - a +1 robe of resistance (worn)
Wands
 a - a wand of iceblast (18)
 p - a wand of quicksilver (9)
 q - a wand of mindburst (13)
 t - a wand of charming (7)
Scrolls
 d - a scroll of identify {unknown}
 f - a scroll of immolation {unknown}
 i - 3 scrolls of teleportation {unknown}
 m - a scroll of enchant armour {unknown}
 n - 2 scrolls of blinking {unknown}
 o - a scroll of enchant weapon {unknown}
 r - a scroll of vulnerability {unknown}
 x - a scroll of poison {unknown}
Potions
 b - a potion of magic
 c - 2 potions of berserk rage {unknown}
 e - 2 potions of flight {unknown}
 j - 2 potions of degeneration {unknown}
 l - 3 potions of curing {unknown}
 s - a potion of might {unknown}
 w - 2 potions of attraction {unknown}
 z - a potion of ambrosia {unknown}
 A - a potion of haste {unknown}


   Skills:
 + Level 0.2 Fighting
 + Level 1.1 Maces & Flails
 + Level 2.3 Dodging
 - Level 2.1 Stealth
 + Level 4.5 Spellcasting
 + Level 3.9 Conjurations
 + Level 5.3 Fire Magic


You had 5 spell levels left.
You knew the following spells:

 Your Spells              Type           Power      Damage    Failure   Level
a - Foxfire               Conj/Fire      80%        2x1d8     1%          1
b - Scorch                Fire           46%        2d7       2%          2
c - Kindle Blastsparks    Fire/Tloc/Air  20%        2d11      21%         3
d - Flame Wave            Conj/Fire      20%        2d7       21%         4

Your spell library contained the following spells:

 Spells                   Type           Power      Damage    Failure   Level
 Inner Flame              Hex/Fire       13%        N/A       14%         3
 Ignite Poison            Fire/Tmut/Pois 10%        N/A       21%         3
 Freezing Cloud           Conj/Ice/Air   4%         6-21      92%         5


Dungeon Overview and Level Annotations

Branches:
Dungeon (5/15)             Temple (1/1) D:5

Altars:
Ashenzari
Cheibriados
Dithmenos
Elyvilon
Fedhas
Gozag
Hepliaklqana
Kikubaaqudgha
Makhleb
Okawaru
Ru
Sif Muna
Trog
Uskayaw
Vehumet
Wu Jian
Yredelemnul
Zin
The Shining One

Shops:
D:4 [


Innate Abilities, Weirdness & Mutations

You are immune to sickness and miasma.
Your stone body is resilient. (AC +4)
You are immune to poison.
You resist negative energy. (rN+)
You are resistant to electric shocks. (rElec)
You are resistant to unholy torment.
You are immune to petrification.


Message History

Moving in this stuff is going to be slow.
You enter the shallow water.
Moving in this stuff is going to be slow.
There is a blossoming altar of Fedhas here.
There is a blossoming altar of Fedhas here.
There is a white marble altar of Elyvilon here.
Key pressed, stopping explore.
There is a basalt altar of Yredelemnul here.
Done exploring.
Done exploring.
Done exploring.
(D) Dungeon (T) Temple
Where to? (Enter - Temple, ? - help)
What level of the Dungeon? (default 5, ? - help)
There is a staircase back to the Dungeon here.
You climb upwards.
Welcome back to the Dungeon!
There is a staircase to the Ecumenical Temple here.
An ogre comes into view. It is wielding a +0 giant spiked club.
The ogre shouts!
Casting: Scorch (safe; 2% risk of failure)
Confirm with . or Enter, or press ? or * to list all spells.
You conjure some foxfire!
Casting: Foxfire (safe; 1% risk of failure)
Confirm with . or Enter, or press ? or * to list all spells.
Flames lash the ogre.
The ogre is moderately wounded.
The ogre's fire resistance burns away.
The foxfire hits the ogre but does no damage.
The ogre is moderately wounded.
The foxfire hits the ogre.
The ogre is burned terribly!
The ogre is heavily wounded.
The ogre hits you with a +0 giant spiked club!!
Ouch! That really hurt!
Unknown command.
Casting: Scorch (safe; 2% risk of failure)
Confirm with . or Enter, or press ? or * to list all spells.
You conjure some foxfire!
The ogre hits you with a +0 giant spiked club!!
Ouch! That really hurt!
You die...

.##.##... #.........
...... .#
####......##.
.##.##.#
#.......#.... .# # .
#.##....#.... ..
#.##....#.#.. ...
#.#######.... ###.
#######.#######....
.#
#.#.v§..........#.#..
#.O@############....
#.v.# #.... #..##
#.#.. #.#. #....
#.##. #.... ... ..
#.#.. ### ## #....
#...> #####


You could see an ogre (combustible, ally target).

Vanquished Creatures
  An ice beast (D:5)
  An ogre (D:4)
  A centaur (D:5)
  2 howler monkeys
  2 hounds (D:4)
  An orc priest (D:4)
  2 orc wizards (D:4)
  4 adders
  An ufetubus (D:5)
  2 worms
  4 dart slugs
  3 orcs
  6 bats
  6 endoplasms
  4 giant cockroaches
  8 goblins
  2 hobgoblins (D:1)
  8 jackals
  9 kobolds
  4 quokkas
  6 ball pythons
  8 frilled lizards
  3 rats
88 creatures vanquished.

Vanquished Creatures (collateral kills)
  A foxfire (D:1)
1 creature vanquished.

Vanquished Creatures (others)
  260 foxfires
  4 plants (D:1)
264 creatures vanquished.

Grand Total: 353 creatures vanquished

Notes
Turn   | Place    | Note
-------+----------+-------------------------------------------
     0 | D:1      | funkygono the Gargoyle Fire Elementalist began the quest
                  | for the Orb.
     0 | D:1      | Reached XP level 1. HP: 10/10 MP: 3/3
   197 | D:1      | Reached XP level 2. HP: 15/15 MP: 0/5
   200 | D:1      | Learned a level 2 spell: Scorch
   791 | D:1      | Reached XP level 3. HP: 19/19 MP: 3/6
   795 | D:1      | Learned a level 3 spell: Kindle Blastsparks
  1162 | D:1      | Found a faded altar of an unknown god.
  1802 | D:2      | You fall into a shaft and drop 2 floors!
  2050 | D:3      | Identified the +2 mace of Duty {flame, Contam rElec Str-3
                  | SInv}
  2186 | D:2      | Reached XP level 4. HP: 24/24 MP: 2/7
  2672 | D:2      | Reached skill level 4 in Fire Magic
  4003 | D:3      | Reached XP level 5. HP: 28/28 MP: 5/9
  4130 | D:3      | Learned a level 4 spell: Flame Wave
  4737 | D:4      | Reached XP level 6. HP: 25/32 MP: 6/11
  4939 | D:4      | Found Afap's Armour Boutique.
  5594 | D:5      | Entered Level 5 of the Dungeon
  5605 | D:5      | Noticed an ice beast
  5610 | D:5      | Killed an ice beast
  5611 | D:5      | Reached skill level 5 in Fire Magic
  5611 | D:5      | Reached XP level 7. HP: 36/36 MP: 7/13
  5894 | D:5      | Reached skill level 1 in Maces & Flails
  5943 | D:5      | Found a staircase to the Ecumenical Temple.
  5952 | Temple   | Entered the Ecumenical Temple
  6024 | Temple   | Became a worshipper of Vehumet
  6138 | D:5      | Demolished by an ogre

Illustrated notes

Levels and vault maps discovered:
D:1:      roderic_octagonal_star, layout_basic,
          hellmonk_ecumenical_altar_heavens_door, minmay_misc_feat_four_crosses,
          minmay_lizard_king
D:2:      layout_basic, corexii_shack
D:3:      layout_basic
D:4:      layout_layer_cave, serial_shops, kennysheep_mini
D:5:      layout_loops_ring, temple_hall
Temple:   nicolae_temple_bog_church

Skill      XL: |  1  2  3  4  5  6  7 |
---------------+----------------------+-----
Fire Magic     | 4 5 |  5.3
Spellcasting   | 3 4 |  4.5
Dodging        | 2 |  2.3
Conjurations   | 2 3 |  3.9
Maces & Flails | 1 |  1.1
Fighting       | |  0.2
Stealth        | |  2.1

Action                   |  1- 3 |  4- 6 |  7- 9 || total
-------------------------+-------+-------+-------++-------
Melee: Mace              |       |    10 |       ||    10
 Cast: Foxfire           |    62 |    83 |    10 ||   155
       Scorch            |     7 |    22 |     4 ||    33
Armor: Robe              |     7 |    11 |       ||    18
Dodge: Dodged            |    20 |    21 |     2 ||    43

Table legend: (Time is in decaauts)
 A = Elapsed time spent in this place.
 B = Non-inter-level travel time spent in this place.
 C = Inter-level travel time spent in this place.
 D = Time resting spent in this place.
 E = Time spent auto-exploring this place.
 F = Levels seen in this place.
 G = Mean time per level.
                   A        B        C        D        E       F      G
               +--------+--------+--------+--------+--------+-----+--------+
         Total |   6143 |   6009 |    134 |     60 |   5301 |   6 | 1023.8 |
       Dungeon |   5989 |   5863 |    126 |     60 |   5179 |   5 | 1197.8 |
        Temple |    153 |    145 |      8 |      0 |    122 |   1 |  153.0 |
               +--------+--------+--------+--------+--------+-----+--------+

Top non-repeatable levels by time:
     D:1: 1779 daAuts
     D:2: 1610 daAuts
     D:4: 1586 daAuts
     D:3: 620 daAuts
     D:5: 393 daAuts
  Temple: 153 daAuts
